 Dungeon Crawl Stone Soup version 0.31-a0-355-g57cb03d3e8 (webtiles) character file.

Game seed: 17439186059690684053

1211 hashsling the Trooper (level 8, -6/52 HPs)
             Began as a Gargoyle Gladiator on July 24, 2023.
             Engulfed by a cloud of freezing vapour (20 damage)
             ... on level 5 of the Dungeon.
             The game lasted 00:13:14 (4076 turns).

hashsling the Trooper (Gargoyle Gladiator)          Turns: 4076, Time: 00:13:14

Health: -6/52      AC: 19    Str: 19    XL:     8   Next: 46%
Magic:  8/8        EV:  6    Int: 10    God:
Gold:   348        SH:  0    Dex: 11    Spells: 7/7 levels left

rFire   . . .        a - +1 quarterstaff
rCold   . . .        (shield currently unavailable)
rNeg    + + .        l - +0 plate armour
rPois   ∞            c - +0 helmet
rElec   +            (no cloak)
rCorr   .            (no gloves)
SInv    .            (no boots)
Will    .....        (no amulet) Stlth
                     h - ring of positive energy
HPRegen 0.28/turn    (no ring)
MPRegen 0.11/turn

%: no passive effects
@: no status effects
A: sickness immunity, AC +5, negative energy resistance 1, electricity
resistance, torment resistance 1, petrification resistance
a: no special abilities


You were on level 5 of the Dungeon.
You visited 1 branch of the dungeon, and saw 5 of its levels.

You collected 348 gold pieces.

Inventory:

Hand Weapons
 a - a +1 quarterstaff (weapon)
Missiles
 d - 2 throwing nets (quivered)
 e - 3 poisoned darts
 i - a javelin
 j - 58 stones
Armour
 c - a +0 helmet (worn)
 l - a +0 plate armour (worn)
 p - a +0 cloak
Magical Staves
 k - a staff of earth
Jewellery
 h - a ring of positive energy (left hand)
 u - a ring of magical power
 y - an amulet of the acrobat
Wands
 m - a wand of paralysis (2)
 s - a wand of flame (38)
Scrolls
 f - a scroll of vulnerability
 n - 2 scrolls of immolation
 q - 2 scrolls of enchant weapon
Potions
 b - a potion of might {unknown}
 g - a potion of heal wounds {unknown}
 o - 3 potions of enlightenment
 r - 2 potions of cancellation
 t - a potion of degeneration {unknown}
 v - a potion of brilliance {unknown}
 w - a potion of lignification {unknown}
 x - a potion of berserk rage {unknown}


   Skills:
 * Level 6.9 Fighting
 * Level 6.5 Staves
 - Level 2.0 Throwing
 + Level 4.8 Armour
 - Level 3.0 Dodging


You had 7 spell levels left.
You didn't know any spells.
Your spell library contained the following spells:

 Spells                   Type           Power      Damage    Failure   Level
 Wereblood                Tmut           0%         N/A       100%        2
 Summon Hydra             Summ           0%         N/A       100%        7
 Sublimation of Blood     Necr           Unusable   N/A       N/A         2

Dungeon Overview and Level Annotations

Branches:
Dungeon (5/15)
 Temple: D:4-7

Altars:
Vehumet


Innate Abilities, Weirdness & Mutations

You are immune to sickness and miasma.
Your stone body is resilient. (AC +5)
You are immune to poison.
You resist negative energy. (rN+)
You are resistant to electric shocks. (rElec)
You are resistant to unholy torment.
You are immune to petrification.


Message History

You kill the iguana!
A white imp comes into view.
Found a stone staircase leading down.
The white imp shouts, "Slither away, thou venomed tip-merry wastrel!"
The white imp gestures at you. The puff of frost hits you.
Found a cyan potion.
You closely miss the white imp. You thump the white imp!
You kill the white imp!
No target in view!
o - 3 potions of enlightenment (gained 1)
x - a cyan potion
y - an amulet of the acrobat
Found a stone staircase leading up.
s - a wand of flame (38) (gained 18 charges)
You see here a +0 whip.
You now have 348 gold pieces (gained 10).
Found an escape hatch in the floor.
There is an escape hatch in the floor here.
There is an escape hatch in the floor here.
Found a stone staircase leading up.
j - 58 stones (gained 6) Partly explored, can't reach some items.
Partly explored, can't reach some items.
You see here a +0 giant club.
Things that are here:
a +1 vampiric spear; a +0 club
Things that are here:
a +0 flail of protection; a +0 club You open the door.
There is an open door here.
Really walk into a travel-excluded area?
You are engulfed in freezing vapours.
You are engulfed in freezing vapours.
You are engulfed in freezing vapours.
* * * LOW HITPOINT WARNING * * *
Okay, then.
You are engulfed in freezing vapours.
You die...

##.#####..............# #...
.#.....#..............# #...
.#####.#..............########...
..# #..........######.......#...
#.######........# #.......#...
.......##....#########.......#...
.......#..##........)).......#...
###.####'##################......
#.###..○○○○○○○@○........####...
###..####################.####...
..##.##$!($$.......○○○.○..##...##
..##.######################..####
....................#######.## #
...#####.#########..### ###.# #
.........# #......# #...# #
##.#####.# #......###.####### #.#
#.# #......##.......##


There were no monsters in sight!

Vanquished Creatures
  Pikel (D:4)
  Sigmund (D:2)
  A water moccasin (D:5)
  An ogre (D:5)
  A hound (D:5)
  2 orc priests (D:3)
  A jelly (D:4)
  Natasha (twice) (D:3)
  2 iguanas (D:5)
  7 gnolls
  2 adders
  A white imp (D:5)
  An ufetubus (D:5)
  2 worms (D:2)
  2 dart slugs
  21 orcs
  5 ball pythons
  3 bats
  9 endoplasms
  A giant cockroach (D:2)
  6 goblins
  4 hobgoblins
  15 jackals
  6 kobolds
  A quokka (D:1)
  6 frilled lizards
  4 rats
108 creatures vanquished.

Notes
Turn   | Place    | Note
-------+----------+-------------------------------------------
     0 | D:1      | hashsling the Gargoyle Gladiator began the quest for the
                  | Orb.
     0 | D:1      | Reached XP level 1. HP: 12/12 MP: 1/1
   276 | D:1      | Reached XP level 2. HP: 18/18 MP: 2/2
   324 | D:1      | Found a faded altar of an unknown god.
   650 | D:2      | Reached skill level 1 in Armour
   650 | D:2      | Reached XP level 3. HP: 22/22 MP: 3/3
   749 | D:2      | Noticed Sigmund
   764 | D:2      | Killed Sigmund
   765 | D:2      | Reached XP level 4. HP: 7/29 MP: 4/4
   765 | D:2      | Reached XP level 5. HP: 8/33 MP: 5/5
  1469 | D:3      | Reached XP level 6. HP: 38/38 MP: 6/6
  1544 | D:3      | Noticed Natasha
  1553 | D:3      | Killed Natasha
  1661 | D:3      | Noticed Natasha
  1673 | D:3      | Killed Natasha
  2275 | D:4      | Found a radiant altar of Vehumet.
  2475 | D:4      | Noticed Pikel
  2497 | D:4      | Killed Pikel
  2498 | D:4      | Reached skill level 5 in Staves
  2498 | D:4      | Reached XP level 7. HP: 33/46 MP: 7/7
  2582 | D:4      | Reached XP level 8. HP: 50/51 MP: 8/8
  3064 | D:5      | Entered Level 5 of the Dungeon
  4076 | D:5      | Engulfed by a cloud of freezing vapour

Illustrated notes

Levels and vault maps discovered:
D:1:      nagdon_arrival_double_spiral, layout_rooms,
          hellmonk_ecumenical_altar_inner_sanctum, kennysheep_crisscross,
          corexii_corridor_pit, minmay_gold_behind_fungi,
          nicolae_kite_square_tiling_tiny
D:2:      layout_basic, uniq_sigmund
D:3:      layout_basic, hangedman_abyss_or_decor_lesser_grid, uniq_natasha
D:4:      layout_basic, nicolae_vehumet_altar_sigil, minivault_19,
          skrybe_limestone_x, small_statue_intersection, uniq_pikel
D:5:      lemuel_ice_spiral_2, layout_basic

Skill      XL: |  1  2  3  4  5  6  7  8 |
---------------+-------------------------+-----
Throwing       | 2 |  2.0
Armour         | 1 2 4 |  4.8
Fighting       | 4 6 |  6.9
Staves         | 4 5 6 |  6.5
Dodging        | 3 |  3.0

Action                     |  1- 3 |  4- 6 |  7- 9 || total
---------------------------+-------+-------+-------++-------
  Melee: Quarterstaff      |    94 |   184 |   108 ||   386
  Throw: Javelin           |     2 |     1 |       ||     3
         Throwing net      |     1 |     2 |     3 ||     6
         Dart              |       |     1 |       ||     1
    Use: Scroll            |       |       |     5 ||     5
   Stab: Held in net/web   |       |       |     2 ||     2
 Armour: Leather armour    |     4 |       |       ||     4
         Ring mail         |    35 |     1 |       ||    36
         Plate armour      |       |   147 |    78 ||   225
  Dodge: Dodged            |    52 |    65 |    37 ||   154

Table legend: (Time is in decaauts)
 A = Elapsed time spent in this place.
 B = Non-inter-level travel time spent in this place.
 C = Inter-level travel time spent in this place.
 D = Time resting spent in this place.
 E = Time spent auto-exploring this place.
 F = Levels seen in this place.
 G = Mean time per level.
                   A        B        C        D        E       F      G
               +--------+--------+--------+--------+--------+-----+--------+
         Total |   4101 |   3890 |    211 |      0 |   3004 |   5 |  820.2 |
       Dungeon |   4101 |   3890 |    211 |      0 |   3004 |   5 |  820.2 |
               +--------+--------+--------+--------+--------+-----+--------+

Top non-repeatable levels by time:
     D:4: 1023 daAuts
     D:5: 1010 daAuts
     D:2: 828 daAuts
     D:3: 665 daAuts
     D:1: 572 daAuts
